 Dungeon Crawl Stone Soup version 0.30-b1-2-g02819fbbbe (webtiles) character file.

Game seed: 2394155036268773649

24310 Blobbula the Protected (level 12, -1/99 HPs)
             Began as a Minotaur Fighter on June 15, 2023.
             Was a High Priest of Wu Jian.
             Slain by a titanic slime creature (82 damage)
             ... on level 13 of the Dungeon on June 16, 2023.
             The game lasted 01:10:13 (13140 turns).

Blobbula the Protected (Minotaur Fighter)          Turns: 13140, Time: 01:10:13

Health: -1/99      AC: 23    Str: 36    XL:     12   Next: 79%
Magic:  11/11      EV: 13    Int:  6    God:    Wu Jian [*****.]
Gold:   1455       SH: 12    Dex: 11    Spells: 11/11 levels left

rFire   + + .        M - +11 rapier "Ufyujeki" {flame, Str+6 Int+2 Dex+2 Stlth-}
rCold   + + .        l - +2 shield of Resistance {rF++ rC++ Will++}
rNeg    + . .        w - +0 plate armour
rPois   .            (helmet restricted)
rElec   .            C - +0 cloak
rCorr   .            x - +2 pair of gloves
SInv    .            W - +0 pair of boots
Will    +++..        h - amulet of regeneration Stlth
                     p - +5 ring of evasion
HPRegen 1.16/turn    z - ring of positive energy
MPRegen 0.12/turn

%: no passive effects
@: no status effects
A: horns 2, retaliatory headbutt, frail 1, strong-willed 1, strong 1, subdued
magic 1
a: Renounce Religion, Wall Jump, Serpent's Lash, Heavenly Storm


You were on level 13 of the Dungeon.
You worshipped Wu Jian.
Wu Jian was extremely pleased with you.
You visited 3 branches of the dungeon, and saw 16 of its levels.
You also visited: Bailey.

You collected 1679 gold pieces.
You spent 224 gold pieces at shops.

Inventory:

Hand Weapons
 a - a +1 war axe of protection
 c - a +2 flail of distortion
 D - a +3 halberd
 E - a +3 morningstar
 F - a +3 battleaxe
 J - a +0 war axe of electrocution
 M - the +11 rapier "Ufyujeki" (weapon) {flame, Str+6 Int+2 Dex+2 Stlth-}
   (You found it on level 11 of the Dungeon)

   Str:       It affects your strength (+6).
   Int:       It affects your intelligence (+2).
   Dex:       It affects your dexterity (+2).
   Stlth:     It makes you less stealthy.
 X - a +7 long sword
Missiles
 g - 8 javelins (quivered)
 o - a curare-tipped dart
 K - 7 throwing nets
 P - 2 silver boomerangs
Armour
 l - the +2 shield of Resistance (worn) {rF++ rC++ Will++}
   (You found it in a bailey)

   rF:        It greatly protects you from fire.
   rC:        It greatly protects you from cold.
   Will:      It greatly increases your willpower.
 w - a +0 plate armour (worn)
 x - a +2 pair of gloves (worn)
 C - a +0 cloak (worn)
 G - a +0 tower shield
 V - +1 acid dragon scales
 W - a +0 pair of boots (worn)
Jewellery
 h - an amulet of regeneration (around neck)
 p - a +5 ring of evasion (left hand)
 y - a +6 ring of strength
 z - a ring of positive energy (right hand)
Wands
 d - a wand of iceblast (8)
 B - a wand of mindburst (17)
 I - a wand of charming (24)
Scrolls
 f - 2 scrolls of noise
 i - 3 scrolls of vulnerability
 k - 12 scrolls of identify
 n - 4 scrolls of teleportation
 r - 2 scrolls of summoning {unknown}
 u - a scroll of enchant weapon
 A - a scroll of immolation {unknown}
 N - a scroll of magic mapping
 O - a scroll of fear
 Q - a scroll of blinking
 T - a scroll of amnesia
Potions
 b - 2 potions of ambrosia
 e - 3 potions of lignification
 j - 6 potions of heal wounds
 m - 4 potions of mutation
 q - 3 potions of flight
 s - a potion of haste
 t - 5 potions of brilliance
 v - 6 potions of curing
 H - 3 potions of attraction
 L - 2 potions of berserk rage {unknown}
 R - a potion of might
 S - a potion of invisibility {unknown}
 U - a potion of degeneration {unknown}


   Skills:
 * Level 11.5 Fighting
 - Level 10.0 Short Blades
 + Level 13.5 Axes
 + Level 0.8 Throwing
 * Level 14.6 Armour
 + Level 8.8 Shields


You had 11 spell levels left.
You didn't know any spells.
Your spell library contained the following spells:

 Spells                   Type           Power      Damage    Failure   Level
 Cigotuvi's Dreadful Rot  Necr/Pois/Air  0%         N/A       99%         2
 Ensorcelled Hibernation  Hex/Ice        0%         N/A       99%         2
 Static Discharge         Conj/Air       0%         2-2/arc   99%         2
 Dazzling Flash           Conj/Hex       0%         N/A       100%        3
 Ignite Poison            Fire/Tmut/Pois 0%         N/A       100%        3
 Spider Form              Tmut/Pois      0%         N/A       100%        3
 Volatile Blastmotes      Fire/Tloc      0%         2d10      100%        3
 Airstrike                Air            0%         2d(0-16)  100%        4
 Anguish                  Hex/Necr       0%         N/A       100%        4
 Animate Armour           Summ/Erth      0%         N/A       100%        4
 Iskenderun's Mystic Bla  Conj/Tloc      0%         2d3       100%        4
 Summon Lightning Spire   Summ/Air       0%         N/A       100%        4
 Blade Hands              Tmut           0%         N/A       100%        5
 Freezing Cloud           Conj/Ice/Air   0%         6-21      100%        5
 Iron Shot                Conj/Erth      0%         9d1       100%        6
 Starburst                Conj/Fire      0%         6d3       100%        6


Dungeon Overview and Level Annotations

Branches:
Dungeon (13/15)            Temple (1/1) D:4            Lair (2/5) D:10
    Orc (0/2) D:12         Bailey (visited)
  Swamp: Lair:2-3    Shoals: Lair:2-3     Snake: Lair:2-3    Spider: Lair:2-3
 Vaults: D:13-14

Altars:
Ashenzari
Cheibriados
Dithmenos
Elyvilon
Fedhas
Gozag
Hepliaklqana
Kikubaaqudgha
Makhleb
Nemelex Xobeh
Okawaru
Qazlal
Ru
Sif Muna
Trog
Uskayaw
Vehumet
Wu Jian
Xom
Yredelemnul
Zin
The Shining One

Shops:
D:4 [   D:10 **!=   D:12 [


Innate Abilities, Weirdness & Mutations

You have a pair of horns on your head.
You reflexively headbutt those who attack you in melee.
You are frail. (-10% HP)
You are strong-willed. (Will+)
Your muscles are strong. (Str +4, Int/Dex -1)
Your spells are a little easier to cast, but a little less powerful.


Message History

The vampire mosquito is heavily damaged.
The vampire mosquito misses you. The vampire mosquito barely misses you.
You puncture the vampire mosquito! You burn the vampire mosquito!
You destroy the vampire mosquito!
The Council accepts your kill.
There is an open door here.
You see here a vampire mosquito corpse.
You open the door.
There is an open door here.
Found a leather armour.
Found 17 gold pieces.
Found a robe.
You see here the +1 robe "Luba" {Int+3 Stlth+ Archmagi}.
You now have 1455 gold pieces (gained 17). 2 slime creatures come into view.
The slime creature quivers. x2
The slime creature moves out of view. x2 4 slime creatures come into view.
The slime creature quivers. x3
Two slime creatures merge to form a large slime creature.
Two slime creatures merge to form a very large slime creature.
A meliai comes into view. It is wielding a +0 war axe.
The meliai buzzes angrily.
A meliai comes into view. It is wielding a +0 hand axe.
Two slime creatures merge to form an enormous slime creature.
The meliai calls down the wrath of its god upon you.
Something smites you!
You spin and attack the enormous slime creature.
You barely miss the enormous slime creature.
A meliai comes into view.
It is wielding a +0 hand axe and wearing a +0 robe of positive energy.
The meliai invokes the aid of its god against you.
Something smites you!
Two slime creatures merge to form a titanic slime creature.
The meliai buzzes angrily.
You puncture the titanic slime creature!
You burn the titanic slime creature.
The titanic slime creature is lightly wounded.
The titanic slime creature hits you!!!!
Ouch! That really hurt!
You die...

##.........###....###
##.......## #......#
##.....## #....#.#
##...## #.[..#.# #+##
#....#.# #....#.#
###....#.#
##.##[....#
##...##@####
.#.....#J# #
.yy......# .#.....###
##...# .....# .####


You could see a titanic slime creature.

Vanquished Creatures
  Fannar (Lair:2)
  Harold (D:10)
  Erolcha (D:9)
  2 dancing weapons (D:13)
  A boulder beetle (D:12)
  A centaur warrior (D:13)
  2 two-headed ogres
  A skyshark (Lair:1)
  A lindwurm (Lair:1)
  2 cyclopes
  Maurice (D:9)
  A black mamba (Lair:1)
  4 cane toads
  2 gargoyles (D:12)
  An unseen horror (D:11)
  2 komodo dragons
  2 trolls
  Prince Ribbit (D:9)
  A shadow (D:12)
  30 yaks
  A wraith (D:11)
  2 wyverns
  Grum (D:8)
  4 basilisks
  2 steam dragons (D:8)
  4 vampire mosquitoes (D:13)
  An acid dragon (D:9)
  Edmund (D:5)
  7 water moccasins
  A hornet zombie (D:7)
  4 orc warriors
  14 wolves
  6 centaurs
  An ogre (D:5)
  3 kobold brigands
  8 bullfrogs
  A wyvern zombie (D:7)
  8 gnoll sergeants (Bailey)
  2 scorpions (D:4)
  4 killer bees (D:7)
  13 wights (D:7)
  5 howler monkeys
  An electric eel (D:10)
  A jelly (D:6)
  11 hounds
  7 gnoll boudas
  6 orc priests
  A sleepcap (D:5)
  3 iguanas
  9 orc wizards
  Natasha (twice) (D:4)
  26 gnolls
  11 adders
  A shadow imp (D:6)
  An ufetubus (D:6)
  A worm (D:2)
  3 dart slugs
  41 orcs
  10 ball pythons
  8 endoplasms
  4 giant cockroaches
  4 goblins
  2 hobgoblins
  5 jackals (D:2)
  5 quokkas
  2 bats (D:1)
  4 frilled lizards
  33 kobolds
  7 rats
360 creatures vanquished.

Vanquished Creatures (others)
  6 fungi
  67 plants
73 creatures vanquished.

Grand Total: 433 creatures vanquished

Notes
Turn   | Place    | Note
-------+----------+-------------------------------------------
     0 | D:1      | Blobbula the Minotaur Fighter began the quest for the Orb.
     0 | D:1      | Reached XP level 1. HP: 19/19 MP: 0/0
   104 | D:1      | Found a faded altar of an unknown god.
   451 | D:1      | Reached XP level 2. HP: 22/27 MP: 1/1
   577 | D:1      | Reached skill level 4 in Armour
  1270 | D:2      | Reached XP level 3. HP: 33/33 MP: 2/2
  1645 | D:3      | Reached XP level 4. HP: 38/40 MP: 3/3
  1659 | D:3      | Reached skill level 5 in Axes
  2035 | D:3      | Reached XP level 5. HP: 40/47 MP: 4/4
  2642 | D:4      | Found a sacrificial altar of Ru.
  2765 | D:4      | Reached XP level 6. HP: 46/53 MP: 5/5
  2775 | D:4      | Found a staircase to the Ecumenical Temple.
  2861 | Temple   | Entered the Ecumenical Temple
  2941 | Temple   | Became a worshipper of the Wu Jian Council
  3129 | D:4      | Noticed Natasha
  3138 | D:4      | Killed Natasha
  3158 | D:4      | Found Laemocat's Antique Armour Shoppe.
  3352 | D:4      | Noticed Natasha
  3357 | D:4      | Killed Natasha
  3384 | D:5      | Entered Level 5 of the Dungeon
  3386 | D:5      | Noticed Edmund
  3403 | D:5      | Killed Edmund
  3404 | D:5      | Reached XP level 7. HP: 52/60 MP: 6/6
  3454 | D:5      | Reached skill level 5 in Fighting
  3656 | D:5      | Found a white marble altar of Elyvilon.
  3769 | D:5      | Reached skill level 5 in Armour
  3779 | D:5      | Reached XP level 8. HP: 69/69 MP: 7/7
  3788 | D:5      | Reached * piety under Wu Jian
  4194 | D:5      | Found a shimmering altar of Xom.
  4434 | D:6      | Found a stormy altar of Qazlal.
  4441 | D:6      | Noticed an air elemental
  4524 | D:6      | Reached skill level 10 in Axes
  4532 | D:6      | Reached skill level 6 in Armour
  4826 | D:6      | Found a bloodstained altar of Trog.
  5400 | D:7      | Reached skill level 7 in Armour
  5410 | D:7      | Reached XP level 9. HP: 72/78 MP: 8/8
  5588 | D:7      | Reached skill level 8 in Armour
  5597 | D:7      | Found a basalt altar of Yredelemnul.
  5733 | D:7      | Reached ** piety under Wu Jian
  5847 | D:7      | Reached skill level 9 in Armour
  6214 | D:8      | Noticed Grum
  6230 | D:8      | Killed Grum
  6342 | D:8      | Found a flagged portal.
  6357 | Bailey   | Entered a bailey
  6371 | Bailey   | Reached *** piety under Wu Jian
  6620 | Bailey   | Reached skill level 10 in Armour
  6620 | Bailey   | Reached XP level 10. HP: 75/88 MP: 9/9
  6742 | Bailey   | Found the +2 shield of Resistance {rF++ rC++ Will++}
  7239 | D:8      | Found a hazy altar of Hepliaklqana.
  7245 | D:8      | Found a snail-covered altar of Cheibriados.
  7750 | D:9      | You fall into a shaft and drop 3 floors!
  7785 | D:11     | Identified the +11 rapier "Ufyujeki" {flame, Str+6 Int+2
                  | Dex+2 Stlth-}
  7965 | D:10     | Entered Level 10 of the Dungeon
  8036 | D:10     | Found Xapsex's Jewellery Emporium.
  8038 | D:10     | Found Kiygh's General Store.
  8039 | D:10     | Found Qoidwarch's Assorted Antiques.
  8039 | D:10     | Found Miliz's Distillery.
  8088 | D:10     | Reached skill level 1 in Short Blades
  8191 | D:10     | Reached **** piety under Wu Jian
  8360 | D:10     | Reached skill level 11 in Armour
  8420 | D:10     | Noticed Harold
  8426 | D:10     | Killed Harold
  8514 | D:10     | Reached skill level 5 in Short Blades
  8547 | D:10     | Found a staircase to the Lair.
  8680 | D:10     | Reached skill level 5 in Shields
  8680 | D:10     | Reached XP level 11. HP: 73/97 MP: 10/10
  8737 | D:10     | Found a hide-covered altar of Uskayaw.
  8869 | D:10     | Gained mutation: Armour fits poorly on your strangely
                  | shaped body. [potion of mutation]
  8869 | D:10     | Gained mutation: You have sharp fingernails. [potion of
                  | mutation]
  8870 | D:10     | Bought a potion of mutation for 112 gold pieces
  8870 | D:10     | Bought a potion of mutation for 112 gold pieces
  8870 | D:10     | Lost mutation: Armour fits poorly on your strangely shaped
                  | body. [potion of mutation]
  8870 | D:10     | Lost mutation: You have sharp fingernails. [potion of
                  | mutation]
  8870 | D:10     | Gained mutation: Your muscles are strong. (Str +4, Int/Dex
                  | -1) [potion of mutation]
  8870 | D:10     | Gained mutation: Your spells are a little easier to cast,
                  | but a little less powerful. [potion of mutation]
  8870 | D:10     | Gained mutation: You are frail. (-10% HP) [potion of
                  | mutation]
  8870 | D:10     | Gained mutation: You are strong-willed. (Will+) [potion of
                  | mutation]
  9041 | Lair:1   | Entered Level 1 of the Lair of Beasts
  9218 | Lair:1   | Noticed a skyshark
  9235 | Lair:1   | Killed a skyshark
  9387 | Lair:1   | Reached skill level 12 in Armour
  9403 | Lair:1   | Noticed a lindwurm
  9441 | Lair:1   | Killed a lindwurm
  9789 | Lair:1   | Reached skill level 10 in Fighting
 10253 | Lair:2   | Noticed Fannar
 10279 | Lair:1   | Reached ***** piety under Wu Jian
 10412 | Lair:2   | Killed Fannar
 10413 | Lair:2   | Reached XP level 12. HP: 31/95 MP: 11/11
 10419 | Lair:2   | Reached skill level 13 in Armour
 10831 | D:9      | Noticed Erolcha
 10847 | D:9      | Killed Erolcha
 10879 | D:9      | Noticed Prince Ribbit
 10879 | D:9      | Noticed Maurice
 10901 | D:9      | Killed Prince Ribbit
 10907 | D:9      | Killed Maurice
 11011 | D:9      | Noticed a two-headed ogre
 11021 | D:9      | Killed a two-headed ogre
 11076 | D:9      | Found an ancient bone altar of Kikubaaqudgha.
 11974 | D:12     | Found a staircase to the Orcish Mines.
 11974 | D:12     | Found Coud's Armour Emporium.
 12094 | D:12     | Noticed a two-headed ogre
 12101 | D:12     | Killed a two-headed ogre
 12215 | D:12     | Reached skill level 10 in Short Blades
 12346 | D:12     | Noticed a boulder beetle
 12359 | D:12     | Killed a boulder beetle
 12437 | D:12     | Reached skill level 14 in Armour
 12930 | D:13     | Noticed a centaur warrior
 12938 | D:13     | Killed a centaur warrior
 13124 | D:13     | Identified the +1 robe "Luba" {Int+3 Stlth+ Archmagi}
 13140 | D:13     | Slain by a titanic slime creature

Illustrated notes

Levels and vault maps discovered:
D:1:      psy_arrival_radial01, layout_loops_corners,
          hellmonk_ecumenical_altar_pennies_from_heaven
D:2:      layout_rooms, st_stairs_2
D:3:      layout_loops_ring
D:4:      layout_rooms, nicolae_ru_awakened_eye, minmay_temple_entry_hall,
          serial_shops, nicolae_shop_overgrown_old_shop, uniq_natasha
D:5:      kennysheep_kobold_camp, layout_basic, elyvilon_altar_3,
          general_overflow_altar, uniq_edmund
D:6:      layout_gridville, trog_three_pillars_becter,
          nicolae_qazlal_style_of_elements
D:7:      layout_loops_ring, lemuel_zombie_altar_yredelemnul
D:8:      layout_cave_pools, grunt_temple_overflow_open, enter_bailey_2,
          nicolae_eternal_life, uniq_grum
D:9:      layout_basic, kiku_gazebo_garden_becter, uniq_maurice, uniq_erolcha,
          uniq_prince_ribbit1
D:10:     layout_long_grid, mainiacjoe_overflow_alcove_2, david_lair_shrubbed,
          minmay_misc_feat_room, nicolae_wooded_promenade, uniq_harold
D:11:     layout_cave_pools
D:12:     layout_irregular_city, orc_david_3, minivault_25_ag
D:13:     layout_loops_corners, erik_vaults_1
Temple:   minmay_temple_bridge_abc
Lair:1:   layout_misc_corridors
Lair:2:   layout_long_grid, beast_lair_carwin_3, uniq_fannar, uniq_gastronok,
          uniq_urug

Skill      XL: |  1  2  3  4  5  6  7  8  9 10 11 12 |
---------------+-------------------------------------+-----
Armour         | 4 5 7 10 11 12 14 | 14.6
Fighting       | 4 5 6 7 9 10 11 | 11.5
Axes           | 3 4 5 7 8 9 11 12 13 | 13.5
Shields        | 4 5 7 8 |  8.8
Short Blades   | 5 8 10 | 10.0
Throwing       | |  0.8

Action                     |  1- 3 |  4- 6 |  7- 9 | 10-12 || total
---------------------------+-------+-------+-------+-------++-------
  Melee: War axe           |   112 |   128 |   201 |    54 ||   495
         Headbutt          |     7 |    19 |    39 |   129 ||   194
         Battleaxe         |       |       |   100 |    30 ||   130
         Rapier            |       |       |       |   518 ||   518
  Throw: Javelin           |     1 |     1 |     3 |       ||     5
Ability: Lunge             |       |       |    15 |    20 ||    35
         Whirlwind         |       |       |     2 |    15 ||    17
    Use: Scroll            |       |    19 |     5 |     1 ||    25
         Potion            |       |       |     1 |     3 ||     4
 Armour: Scale mail        |    49 |     7 |       |       ||    56
         Chain mail        |       |    24 |   103 |    12 ||   139
         Plate armour      |       |       |       |   173 ||   173
  Dodge: Dodged            |    54 |    73 |   188 |   183 ||   498
  Block: Buckler           |    21 |    29 |    28 |       ||    78
         Kite shield       |       |       |       |   202 ||   202
